 Dungeon Crawl Stone Soup version 0.28-a0-828-g0121872642 (webtiles) character file.

Game seed: 7047131775074116089

54 croobank the Caller (level 3, 0/14 HPs)
             Began as a Felid Summoner on Nov 10, 2021.
             Frozen to death by an endoplasm (3 damage)
             ... on level 3 of the Dungeon.
             The game lasted 00:11:12 (2432 turns).

croobank the Caller (Felid Summoner)                Turns: 2432, Time: 00:11:12

Health: 0/14       AC:  1    Str:  5    XL:     3   Next: 66%
Magic:  7/7        EV: 18    Int: 16    God:
Gold:   72         SH:  0    Dex: 16    Spells: 5/6 levels left
                                        Lives:  0   Deaths: 0

rFire   . . .      SeeInvis +   (weapon unavailable)
rCold   . . .      Faith    .   (shield unavailable)
rNeg    . . .      Spirit   .   (armour unavailable)
rPois   +          Reflect  .   (helmet unavailable)
rElec   .          Harm     .   (cloak unavailable)
rCorr   .          Rampage  .   (gloves unavailable)
Will    .....                   (boots unavailable)
Stlth   ++........              b - amulet of regeneration
HPRegen 0.00/turn               (no ring)
MPRegen 0.10/turn               (no ring)

@: inhibited regen, invisible, quick
A: very small, claws 1, fangs 3, see invisible, speed 1, shaggy fur 1, stealthy
paws, no weapons or thrown items, no armour, multi-lived, poison resistance,
inhibited regeneration
a: no special abilities


You were on level 3 of the Dungeon.
You visited 1 branch of the dungeon, and saw 3 of its levels.

You collected 72 gold pieces.

Inventory:

Jewellery
 b - an amulet of regeneration (around neck)
 f - a ring of fire
Scrolls
 a - a scroll of identify
 d - a scroll of enchant armour {unknown}
 g - a scroll of teleportation {unknown}
 h - a scroll of noise {unknown}
Potions
 e - a potion of mutation


   Skills:
 + Level 3.6 Dodging
 + Level 3.4 Stealth
 + Level 0.8 Unarmed Combat
 + Level 2.1 Spellcasting
 + Level 4.5 Summonings


You had 5 spell levels left.
You knew the following spells:

 Your Spells              Type           Power      Damage    Failure   Level
a - Summon Small Mammal   Summ           64%        N/A       3%          1

Your spell library contained the following spells:

 Spells                   Type           Power      Damage    Failure   Level
 Call Imp                 Summ           16%        N/A       4%          2
 Call Canine Familiar     Summ           16%        N/A       10%         3
 Summon Guardian Golem    Hex/Summ       9%         N/A       24%         3
 Summon Lightning Spire   Summ/Air       9%         N/A       63%         4
 Animate Dead             Necr           0%         N/A       90%         4
 Borgnjor's Vile Clutch   Necr/Erth      0%         N/A       99%         5
 Death Channel            Necr           0%         N/A       100%        6


Dungeon Overview and Level Annotations

Branches:
Dungeon (3/15)

Altars:
Trog

Shops:
D:2 [


Innate Abilities, Weirdness & Mutations

You have sharp claws.
You have razor-sharp teeth.
You have supernaturally acute eyesight. (SInv)
You cover ground quickly. (Speed+)
You are covered in fur. (AC +1)
Your paws help you pounce on unaware monsters.
You are incapable of wielding weapons or throwing items.
You cannot wear armour.
You gain extra lives every three experience levels.
Your system is resistant to poisons. (rPois)
You do not regenerate when monsters are visible.


Message History

Casting: Summon Small Mammal (safe; 3% risk of failure)
Confirm with . or Enter, or press ? or * to list all spells.
The rat closely misses you. The phantom completely misses you.
The orc misses you. The phantom hits your quokka.
Your quokka dies!
Your quokka's corpse disappears in a puff of smoke!
The orc completely misses you.
You open the door.
A kobold comes into view. It is wielding a +0 short sword.
The rat bites you but does no damage.
There is an open door here.
You fade into invisibility!
A frilled lizard and a bat come into view.
A frilled lizard comes into view.
The bat barely misses you. The bat hits you but does no damage.
An endoplasm comes into view.
Found a spear.
The frilled lizard hisses angrily.
The bat completely misses you. The bat closely misses you.
The bat closely misses you. The endoplasm freezes you.
You are frozen.
* * * LOW HITPOINT WARNING * * *
You scratch the endoplasm but do no damage.
The bat closely misses you. The endoplasm misses you.
The bat closely misses you.
You barely miss the endoplasm. The endoplasm misses you.
The frilled lizard hisses angrily.
The bat closely misses you. The bat closely misses you.
The bat completely misses you.
You open the door.
The frilled lizard hisses angrily.
The bat barely misses you. The endoplasm freezes you.
You are frozen.
You die...

#.# ###.# #...# #
#._.##
...###....########
.......<..........
#....##.#..#####.#
+....+..##.#####'####
#....#####'##..b@...#
#.... #..o#..)J...#
##### #...#...l...#
#...#.......#
#####...#o.W....#
......K...l......#
.................#
...........##.####
...######+###.#


You could see a phantom (wandering), an orc, an endoplasm, a bat and 2 frilled
lizards.

Vanquished Creatures
  An adder (D:2)
  A worm (D:2)
  A ball python (D:1)
  An endoplasm (D:1)
  2 giant cockroaches (D:1)
  5 goblins
  4 hobgoblins
  2 quokkas
  5 bats
  4 frilled lizards
  5 kobolds
  5 rats
36 creatures vanquished.

Vanquished Creatures (collateral kills)
  A dart slug (D:1)
  A ball python (D:1)
  A kobold (D:1)
  A frilled lizard (D:1)
  A goblin (D:1)
5 creatures vanquished.

Grand Total: 41 creatures vanquished

Notes
Turn   | Place    | Note
-------+----------+-------------------------------------------
     0 | D:1      | croobank the Felid Summoner began the quest for the Orb.
     0 | D:1      | Reached XP level 1. HP: 7/7 MP: 4/4
   277 | D:1      | Reached XP level 2. HP: 11/11 MP: 3/6
  1107 | D:1      | Reached XP level 3. HP: 6/14 MP: 7/7
  1553 | D:1      | Found a faded altar of an unknown god.
  1712 | D:2      | Found Xorimmei's Armour Boutique.
  2384 | D:3      | Found a bloodstained altar of Trog.
  2389 | D:3      | Noticed a phantom
  2409 | D:3      | Gained mutation: You do not regenerate when monsters are
                  | visible. [potion of mutation]
  2409 | D:3      | Gained mutation: Your system is resistant to poisons.
                  | (rPois) [potion of mutation]
  2432 | D:3      | Frozen to death by an endoplasm

Illustrated notes

Levels and vault maps discovered:
D:1:      evilmike_arrival_rings, layout_basic,
          chequers_ecumenical_altar_simple, st_stairs_9
D:2:      layout_basic, serial_shops, nicolae_shop_stone,
          kennysheep_decorative_pillar, chequers_avenue
D:3:      layout_basic, bloody_trog

Skill      XL: |  1  2 |
---------------+-------+-----
Dodging        | 3 |  3.6
Stealth        | 3 |  3.4
Unarmed Combat | |  0.8
Spellcasting   | |  2.1
Summonings     | |  4.5

Action                   || total
-------------------------++-------
Melee: Unarmed           ||   144
       Bite              ||     7
 Cast: Summon Small Mamm ||     9
  Use: Potion            ||     2
       Scroll            ||     1
 Stab: Sleeping          ||    10
       Distracted        ||     2
Armor: Skin              ||    10
Dodge: Dodged            ||   131

Table legend: (Time is in decaauts)
 A = Elapsed time spent in this place.
 B = Non-inter-level travel time spent in this place.
 C = Inter-level travel time spent in this place.
 D = Time resting spent in this place.
 E = Time spent auto-exploring this place.
 F = Levels seen in this place.
 G = Mean time per level.
                   A        B        C        D        E       F      G
               +--------+--------+--------+--------+--------+-----+--------+
         Total |   2151 |   2132 |     19 |    685 |    999 |   3 |  717.0 |
       Dungeon |   2151 |   2132 |     19 |    685 |    999 |   3 |  717.0 |
               +--------+--------+--------+--------+--------+-----+--------+

Top non-repeatable levels by time:
     D:1: 1476 daAuts
     D:2: 631 daAuts
     D:3: 42 daAuts
